Map: 파라 사이트 - 래더

Players

soO - Winner!

  • Race: Zerg Zerg
  • Spawn Location: 11:00

Classic

  • Race: Protoss Protoss
  • League: Master
  • Spawn Location: 5:00

Event: IEM Season 13 - Katowice Server Qualifiers Asia 1

VOD

Have the link to the VOD?

Description

Time

  • Played on: Jan. 14, 2019, 4:32 a.m.
  • Length: 8:58

All games in this series

Show
View Real Time Build Order
Export as new Build Order

soO Zerg - Winner!

Build Orders: Hatch First 

Get SALT Encoding   

  12  0:00  Drone  
  13  0:12  Overlord  
  13  0:17  Drone  
  14  0:30  Drone x2  
  14  0:34  Drone  
  17  0:50  Hatchery  
  17  0:53  Drone  
  18  0:57  Drone  
  18  1:08  Extractor  
  17  1:11  Spawning Pool  
  17  1:14  Drone  
  18  1:18  Drone  
  18  1:28  Drone  
  19  1:44  Drone  
  20  1:59  Queen  
  22  2:01  Roach Warren  
  22  2:03  Spine Crawler  
  22  2:08  Zergling x2  
  21  2:13  Spine Crawler  
  20  2:18  Drone  
  20  2:20  Drone  
  22  2:38  Overlord  
  22  2:44  Roach  
  22  2:45  Roach  
  22  2:46  Roach  
  28  2:57  Roach  
  30  3:04  Overlord  
  30  3:16  Overlord  
  30  3:29  Roach  
  32  3:40  Drone  
  32  3:42  Drone  
  32  3:47  Queen  
  32  3:48  Hatchery  
  34  3:51  Drone  
  35  3:58  Drone  
  36  4:06  Drone  
  36  4:08  Drone  
  36  4:09  Drone  
  39  4:17  Drone x2  
  42  4:24  Queen, Drone  
  42  4:28  Overlord  
  44  4:31  Ravager  
  44  4:32  Ravager  
  44  4:37  Metabolic Boost  
  46  5:04  Drone  
  46  5:05  Drone x3  
  50  5:11  Drone x2  
  52  5:14  Overlord  
  52  5:16  Overlord  
  46  5:30  Roach x3  
  49  5:41  Zergling x2  
  49  5:42  Zergling x12  
  53  5:49  Hatchery  
  52  5:51  Lair, Ravager  
  52  5:54  Extractor  
  52  5:55  Zergling x4  
  54  5:57  Extractor  
  54  6:02  Overlord x2  
  53  6:07  Overlord  
  53  6:09  Overlord  
  53  6:10  Overlord  
  53  6:20  Overlord  
  53  6:24  Drone  
  53  6:25  Drone x3  
  56  6:31  Zergling x4  
  55  6:34  Roach  
  52  6:40  Roach x4  
  52  6:45  Zergling x4  
  58  7:00  Zergling x8, Spire  
  61  7:02  Drone  
  62  7:09  Drone x3  
  65  7:18  Drone x3  
  65  7:19  Drone  
  68  7:25  Ravager x2  
  68  7:26  Ravager  
  68  7:28  Zergling x2  
  68  7:29  Zergling x6  
  75  7:34  Roach, Zergling x2  
  75  7:36  Roach  
  80  7:43  Zergling x2  
  80  7:44  Zergling x6  
  84  7:47  Overlord  
  84  7:56  Zergling x10  
  89  8:04  Zergling x6  
  83  8:08  Zergling x4  
  83  8:09  Zergling x2  
  83  8:12  Zergling x2  
  80  8:18  Mutalisk x2  
  79  8:21  Mutalisk  
  81  8:30  Mutalisk  
  81  8:33  Mutalisk  
  84  8:35  Zergling x2  
  84  8:36  Zergling x6  
Show
View Real Time Build Order
Export as new Build Order

Classic Protoss 

Build Orders:  

Get SALT Encoding   

  12  0:00  Probe  
  13  0:12  Probe  
  14  0:17  Pylon  
  14  0:24  Probe  
  15  0:32  Probe  
  15  0:37  Gateway  
  15  0:40  Probe  
  17  0:51  Probe  
  17  0:55  Forge  
  18  0:58  Assimilator  
  18  1:03  Probe  
  19  1:15  Probe  
  20  1:23  Pylon  
  20  1:30  Pylon  
  20  1:31  Pylon  
  20  1:42  Photon Cannon  
  20  1:44  Gateway  
  20  1:49  Cybernetics Core  
  20  1:51  Probe  
  21  2:04  Photon Cannon  
  21  2:10  Pylon  
  21  2:28  Photon Cannon  
  21  2:29  Photon Cannon  
  21  2:30  Stalker  
  21  2:34  Photon Cannon  
  23  2:55  Stalker  
  23  3:05  Photon Cannon  
  25  3:10  Shield Battery  
  24  3:12  Shield Battery  
  24  3:18  Probe  
  22  3:22  Assimilator  
  22  3:23  Robotics Facility  
  22  3:30  Stalker  
  24  3:39  Probe  
  24  3:40  Warp Gate  
  23  3:46  Pylon  
  23  3:58  Immortal  
  23  4:08  Probe  
  24  4:14  Pylon  
  28  4:18  Sentry  
  30  4:29  Warp Prism  
  32  4:49  Gateway  
  32  4:50  Gateway  
  32  4:55  Sentry  
  34  5:08  Immortal  
  38  5:24  Pylon  
  38  5:44  Pylon  
  38  5:50  Sentry, Stalker x2  
  44  5:59  Pylon  
  44  6:15  Zealot x2  
  44  6:16  Zealot  
  50  6:24  Immortal  
  40  6:28  Zealot x3  
  40  6:59  Nexus  
  40  7:03  Sentry x3  
  46  7:13  Probe  
  47  7:26  Sentry  
  47  7:27  Zealot x2  
  53  7:33  Probe  
  54  7:46  Probe  
  54  7:48  Sentry x2  
  54  7:50  Zealot  
  61  7:54  Gateway  
  61  7:58  Probe  
  44  8:14  Immortal  
  44  8:18  Stalker  
  46  8:21  Sentry  
  46  8:22  Zealot  
  54  8:27  Probe  
  54  8:29  Probe  

Tags
 
Add a new tag
Caveats
  • Supply blocks, unpowered buildings, or Contaminate may cause inaccurate times.
  • Supply counts are checked every 10 seconds.